 Dungeon Crawl Stone Soup version 0.31-a0-188-g5e087ee2ca (webtiles) character file.

Game seed: 908357079810604706

339 qw the Skirmisher (level 6, -10/35 HPs)
             Began as a Deep Elf Hunter on June 23, 2023.
             Mangled by Menkaure (19 damage)
             ... on level 4 of the Dungeon.
             The game lasted 00:01:16 (3485 turns).

qw the Skirmisher (Deep Elf Hunter)                 Turns: 3485, Time: 00:01:17

Health: -10/35     AC: 12    Str: 12    XL:     6   Next: 29%
Magic:  8/8        EV:  9    Int: 17    God:
Gold:   92         SH:  0    Dex: 18    Spells: 5/5 levels left

rFire   . . .        Y - +1 shortbow
rCold   . . .        (shield currently unavailable)
rNeg    . . .        f - +5 scale mail "Bah Pust" {Fly Str+2 Int+3}
rPois   .            (no helmet)
rElec   .            (no cloak)
rCorr   .            k - +0 pair of gloves
SInv    .            (no boots)
Will    .....        (no amulet)
Stlth   +            (no ring)
HPRegen 0.25/turn    (no ring)
MPRegen 0.11/turn

%: no passive effects
@: about to teleport, flying
A: no striking features
a: no special abilities


You were on level 4 of the Dungeon.
You visited 1 branch of the dungeon, and saw 4 of its levels.
You also visited: Sewer.

You collected 138 gold pieces.
You spent 46 gold pieces at shops.


   Skills:
 - Level 2.0 Fighting
 + Level 9.6 Ranged Weapons
 - Level 1.0 Armour
 - Level 2.4 Dodging
 - Level 1.2 Stealth


You had 5 spell levels left.
You didn't know any spells.
Your spell library was empty.

Inventory:

Hand Weapons
 Y - a +1 shortbow (weapon)
Armour
 f - the +5 scale mail "Bah Pust" (worn) {Fly Str+2 Int+3}
   (You found it on level 2 of the Dungeon)

   Str:       It affects your strength (+2).
   Int:       It affects your intelligence (+3).
   Fly:       It grants you flight.
 k - a +0 pair of gloves (worn)
Scrolls
 b - a scroll of identify
Potions
 a - a potion of might
 d - a potion of curing
 e - a potion of heal wounds {unknown}
 g - 2 potions of haste
 h - a potion of resistance
 j - 2 potions of degeneration {unknown}

Dungeon Overview and Level Annotations

Branches:
Dungeon (4/15)              Sewer (visited)
 Temple: D:4-7

Altars:
Ashenzari

Shops:
D:2 *???=

Annotations:
D:4 Menkaure


Message History

There is an open door here.
As you open the door, it creaks loudly!
There is an open door here.
j - 2 pink potions (gained 1)
You reach down and open the door.
There is an open door here.
You reach down and open the door.
Menkaure, Prince of Dust comes into view.
Menkaure shouts!
Enter note:
Enter note: You shoot an arrow.
The arrow hits Menkaure.
Menkaure is moderately damaged.
You shoot an arrow.
The arrow hits Menkaure but does no damage.
Menkaure is moderately damaged.
You shoot an arrow. The arrow closely misses Menkaure.
You shoot an arrow. The arrow hits Menkaure.
Menkaure is heavily damaged.
You shoot an arrow. The arrow closely misses Menkaure.
Menkaure calls on the powers of darkness!
Your body is wracked with pain!
You shoot an arrow. The arrow hits Menkaure.
Menkaure is heavily damaged.
Menkaure gestures at you while chanting.
Pain shoots through your body!
You shoot an arrow. The arrow hits Menkaure.
Menkaure is severely damaged.
Menkaure gestures at you while chanting.
Pain shoots through your body!
3483 ||| READING scroll of teleportation.
As you read the scroll of teleportation, it crumbles to dust.
You feel strangely unstable.
You shoot an arrow. The arrow closely misses Menkaure.
You shoot an arrow.
The arrow hits Menkaure but does no damage.
Menkaure is severely damaged.
Menkaure hits you!!
Ouch! That really hurt!
You die...

#..........#
#..........# ..
#..........# ...
#..........# ....
#####..........#####....
.......####............#
^......'..#............#
.......#..+............#
.......####.....@M.....#
#####'##########....####
#....# #....# #....#
#....# #....# #....#
#....# #....# #....#
#....# ##..## #....#
##..#


You could see Menkaure.

Vanquished Creatures
  2 kobold brigands (Sewer)
  2 adders
  10 river rats
  A dart slug (D:2)
  9 bats
  6 endoplasms
  A giant cockroach (D:2)
  5 goblins
  5 hobgoblins
  18 kobolds
  A quokka (D:1)
  13 ball pythons
  3 frilled lizards
  23 rats
99 creatures vanquished.

Notes
Turn   | Place    | Note
-------+----------+-------------------------------------------
     0 | D:1      | qw the Deep Elf Hunter began the quest for the Orb.
     0 | D:1      | Reached XP level 1. HP: 12/12 MP: 3/3
     0 | D:1      | 0 ||| qw: Version: 0.3-a-9-g12657ce
     0 | D:1      | 0 ||| qw: Game counter: 3818
     0 | D:1      | 0 ||| qw: Always use a shield: true
     0 | D:1      | 0 ||| qw: God list: Okawaru
     0 | D:1      | 0 ||| qw: Allow faded altars: false
     0 | D:1      | 0 ||| qw: Do Orc after D:15 true
     0 | D:1      | 0 ||| qw: Do second Lair branch before Depths: true
     0 | D:1      | 0 ||| qw: Lair rune preference: random
     0 | D:1      | 0 ||| qw: Plans: Normal
     0 | D:1      | 0 ||| PLANNING D:1-11
   274 | D:1      | Reached XP level 2. HP: 16/16 MP: 4/4
   278 | D:1      | Reached skill level 6 in Ranged Weapons
   631 | D:1      | 631 ||| UPGRADING to +0 pair of gloves.
   636 | D:1      | 636 ||| READING 3 scrolls labelled XELUBA FAOCH.
   737 | D:1      | 737 ||| READING scroll labelled BERIBIMUGO.
   738 | D:1      | 738 ||| READING scroll labelled LYAMNU VIEF.
   739 | D:1      | 739 ||| READING scroll labelled XAHITIJUMEOH.
   740 | D:1      | 740 ||| READING scroll labelled PAHUFA BOPHEVETEU.
   741 | D:1      | 741 ||| DROPPING 2 scrolls of silence.
   742 | D:1      | 742 ||| DROPPING scroll of butterflies.
   898 | D:2      | Found Ykhloy's Magic Scroll Emporium.
   907 | D:2      | 907 ||| SHOPLISTING 3 scrolls of identify (78 gold, have
                  | 55).
   907 | D:2      | 907 ||| SHOPLISTING scroll of enchant armour (97 gold, have
                  | 55).
   907 | D:2      | 907 ||| SHOPLISTING scroll of enchant weapon (97 gold, have
                  | 55).
   907 | D:2      | 907 ||| BUYING scroll of identify (26 gold).
   907 | D:2      | Bought a scroll of identify for 26 gold pieces
   907 | D:2      | 907 ||| SHOPLISTING scroll of teleportation (39 gold, have
                  | 29).
   943 | D:2      | Found Emeun's Jewellery Shop.
   950 | D:2      | 950 ||| SHOPLISTING +4 ring of protection (504 gold, have
                  | 29).
   950 | D:2      | 950 ||| SHOPLISTING amulet of reflection (420 gold, have
                  | 29).
   950 | D:2      | 950 ||| SHOPLISTING ring of fire (350 gold, have 29).
   950 | D:2      | 950 ||| SHOPLISTING ring of ice (350 gold, have 29).
   950 | D:2      | 950 ||| SHOPLISTING ring of protection from cold (350 gold,
                  | have 29).
   950 | D:2      | 950 ||| SHOPLISTING ring of see invisible (210 gold, have
                  | 29).
   989 | D:2      | Found Vatu's Magic Scroll Boutique.
   998 | D:2      | 998 ||| SHOPLISTING scroll of enchant armour (75 gold, have
                  | 29).
   998 | D:2      | 998 ||| SHOPLISTING scroll of enchant weapon (75 gold, have
                  | 29).
   998 | D:2      | 998 ||| BUYING scroll of identify (20 gold).
   998 | D:2      | Bought a scroll of identify for 20 gold pieces
   998 | D:2      | 998 ||| SHOPLISTING scroll of identify (20 gold, have 9).
   998 | D:2      | 998 ||| SHOPLISTING scroll of teleportation (30 gold, have
                  | 9).
  1013 | D:2      | Found Faac's Magic Scroll Boutique.
  1021 | D:2      | 1021 ||| SHOPLISTING 2 scrolls of teleportation (84 gold,
                  | have 9).
  1021 | D:2      | 1021 ||| SHOPLISTING scroll of enchant weapon (105 gold,
                  | have 9).
  1021 | D:2      | 1021 ||| SHOPLISTING scroll of identify (28 gold, have 9).
  1081 | D:2      | Identified the +5 scale mail "Bah Pust" {Fly Str+2 Int+3}
  1200 | D:2      | Reached XP level 3. HP: 20/20 MP: 5/5
  1219 | D:2      | Found Lyetihas's General Store.
  1229 | D:2      | 1229 ||| SHOPLISTING +1 helmet (126 gold, have 24).
  1229 | D:2      | 1229 ||| SHOPLISTING potion of curing (33 gold, have 24).
  1229 | D:2      | 1229 ||| SHOPLISTING potion of might (44 gold, have 24).
  1675 | D:2      | 1675 ||| UPGRADING to +5 scale mail "Bah Pust" {Fly Str+2
                  | Int+3}.
  1685 | D:2      | 1685 ||| DROPPING +0 leather armour.
  1686 | D:2      | 1686 ||| READING scroll labelled QARROY YTWITT.
  1691 | D:2      | 1691 ||| READING 3 scrolls labelled FAOHAO NEXOETT.
  1692 | D:2      | 1692 ||| READING 2 scrolls of identify.
  1692 | D:2      | 1692 ||| IDENTIFYING bubbling golden potion
  1693 | D:2      | 1693 ||| DROPPING potion of brilliance.
  1696 | D:2      | 1696 ||| DROPPING 2 scrolls of immolation.
  1724 | D:3      | 1724 ||| PLANNING SEWER
  1761 | D:3      | Reached skill level 7 in Ranged Weapons
  1907 | D:3      | Found a glowing drain.
  1910 | D:3      | 1910 ||| DRINKING 2 murky orange potions.
  1911 | D:3      | 1911 ||| READING 2 scrolls of identify.
  1911 | D:3      | 1911 ||| IDENTIFYING bubbling yellow potion
  1951 | Sewer    | Entered a sewer
  1974 | Sewer    | Reached XP level 4. HP: 25/25 MP: 6/6
  1987 | Sewer    | HP: 5/25 [river rat (3)]
  2094 | Sewer    | Noticed a kobold brigand
  2103 | Sewer    | HP: 5/25 [kobold brigand/+0 dagger (6)]
  2106 | Sewer    | Killed a kobold brigand
  2107 | Sewer    | Reached skill level 8 in Ranged Weapons
  2107 | Sewer    | Reached XP level 5. HP: 7/29 MP: 7/7
  2250 | Sewer    | 2250 ||| Stepping ~*~*~tactically~*~*~ (outnumbered).
  2266 | Sewer    | HP: 6/29 [kobold brigand/+0 dagger (3)]
  2268 | Sewer    | Reached skill level 9 in Ranged Weapons
  2392 | Sewer    | Reached XP level 6. HP: 34/34 MP: 8/8
  2432 | Sewer    | Reached skill level 1 in Armour
  2810 | Sewer    | 2810 ||| DRINKING 4 silvery potions.
  2811 | Sewer    | 2811 ||| DRINKING 2 metallic dark potions.
  2812 | Sewer    | 2812 ||| DRINKING 2 bubbling ruby potions.
  2813 | Sewer    | 2813 ||| DROPPING 3 potions of invisibility.
  2814 | Sewer    | 2814 ||| DROPPING potion of magic.
  2858 | D:3      | 2858 ||| PLANNING D:1-11
  3124 | D:3      | Found a broken altar of Ashenzari.
  3385 | D:3      | 3385 ||| READING 2 scrolls labelled IPEISTR CUNO.
  3386 | D:3      | 3386 ||| READING 2 scrolls of identify.
  3386 | D:3      | 3386 ||| IDENTIFYING blue potion
  3387 | D:3      | 3387 ||| DROPPING scroll of blinking.
  3475 | D:4      | Noticed Menkaure
  3482 | D:4      | HP: 8/35 [Menkaure/nerve-wracking pain (6)]
  3483 | D:4      | 3483 ||| READING scroll of teleportation.
  3485 | D:4      | Mangled by Menkaure

Levels and vault maps discovered:
D:1:      lightli_arrival_farm, layout_loops_ring
D:2:      layout_basic, serial_shops, nicolae_shop_pleasant_corner_grove,
          nicolae_lakefront_shop, shop, shop, shop_fountains
D:3:      layout_loops_corners, mainiacjoe_overflow_surrounded_room,
          cheibrodos_sewer_entry_sluice
D:4:      layout_gridville, mainiacjoe_overflow_cross_hatched, uniq_menkaure,
          uniq_eustachio, uniq_natasha

Skill      XL: |  1  2  3  4  5  6 |
---------------+-------------------+-----
Ranged Weapons | 6 7 8 9 |  9.6
Armour         | 1 |  1.0
Fighting       | 2 |  2.0
Dodging        | |  2.4
Stealth        | |  1.2

Action                     |  1- 3 |  4- 6 || total
---------------------------+-------+-------++-------
   Fire: Shortbow          |   101 |   168 ||   269
    Use: Scroll            |     9 |     3 ||    12
         Potion            |     1 |     3 ||     4
 Armour: Leather armour    |     3 |       ||     3
         Scale mail        |     8 |    69 ||    77
  Dodge: Dodged            |    17 |    44 ||    61

Table legend:
 A = Non-vault XP
 B = Vault XP
 C = Vault XP percentage of total XP
 D = Non-vault monster count
 E = Vault monster count
 F = Vault count percentage of total count
                 A         B        C        D         E       F
            +---------+---------+-------+---------+---------+-------
      Total |      83 |     402 |  82.9 |      43 |      56 |  56.6
            +---------+---------+-------+---------+---------+-------
        D:1 |      26 |       0 |   0.0 |      16 |       0 |   0.0
        D:2 |      25 |       0 |   0.0 |      13 |       0 |   0.0
        D:3 |      32 |      17 |  34.7 |      14 |       4 |  22.2
      Sewer |       0 |     385 | 100.0 |       0 |      52 | 100.0
            +---------+---------+-------+---------+---------+-------
